 Dungeon Crawl Stone Soup version 0.22-a0-224-g8cf3520 (webtiles) character file.

104 KristoblXynda the Slasher (level 4, -1/39 HPs)
             Began as a Naga Gladiator on Feb 19, 2018.
             Slain by an orc
             ... wielding a +0 flail
              (6 damage)
             ... on level 4 of the Dungeon.
             The game lasted 00:03:10 (2518 turns).

KristoblXynda the Slasher (Naga Gladiator)          Turns: 2518, Time: 00:03:11

Health: -1/39      AC:  5    Str: 14 (17) XL:     4   Next: 80%
Magic:  4/4        EV: 12    Int:  6 (9)  God:
Gold:   206        SH:  0    Dex: 10 (12) Spells: 3/3 levels left

rFire    . . .     SeeInvis +   a - +0 long sword
rCold    . . .     Gourm    .   (no shield)
rNeg     . . .     Faith    .   b - +0 leather armour
rPois    +         Spirit   .   c - +0 helmet
rElec    .         Reflect  .   l - +0 cloak
rCorr    .         Harm     .   e - +0 pair of gloves
MR       .....                  (no barding)
Stlth    +.........             (no amulet)
HPRegen  0.13/turn              m - +2 ring of evasion
MPRegen  0.09/turn              (no ring)

@: very slow
A: large, see invisible, deformed body, poison resistance, slowness 2, slow
metabolism 1, spit poison 1, AC +1
a: Spit Poison


You were on level 4 of the Dungeon.
You were not hungry.

You visited 1 branch of the dungeon, and saw 4 of its levels.

You collected 206 gold pieces.

Inventory:

Hand Weapons
 a - a +0 long sword (weapon)
Missiles
 d - 3 throwing nets (quivered)
Armour
 b - a +0 leather armour (worn)
 c - a +0 helmet (worn)
 e - a +0 pair of gloves (worn)
 l - a +0 cloak (worn)
Jewellery
 m - a +2 ring of evasion (left hand)
Scrolls
 j - 5 scrolls of identify {unknown}
 k - a scroll of blinking {unknown}
 n - 2 scrolls of teleportation {unknown}
 o - a scroll of fog {unknown}
 p - 3 scrolls of amnesia {unknown}
 q - a scroll of immolation {unknown}
 s - a scroll of magic mapping {unknown}
Potions
 g - a potion of ambrosia {unknown}
 h - a potion of degeneration
 i - a potion of resistance {unknown}
 r - a potion of cancellation {unknown}
Comestibles
 f - 4 rations


   Skills:
 - Level 2.0 Fighting
 * Level 4.3 Long Blades
 - Level 2.4 Throwing
 + Level 3.2 Dodging


You had 3 spell levels left.
You didn't know any spells.

Dungeon Overview and Level Annotations

Branches:
Dungeon (4/15)
 Temple: D:4-7

Altars:


Innate Abilities, Weirdness & Mutations

You cannot wear boots.
Your serpentine skin is tough. (AC +1)
You have supernaturally acute eyesight. (SInv)
Armour fits poorly on your strangely shaped body.
Your system is resistant to poisons. (rPois)
You cover ground very slowly.
You have a slow metabolism.
You can spit poison.


Message History

The orc priest shouts!
The orc shouts!
Found 13 gold pieces.
s - a scroll labeled BOLIL VOCUSHRI The orc hits you from afar with a trident.
A giant cockroach comes into view.
The orc barely misses you. The orc hits you but does no damage.
The orc priest hits you with a dagger. The orc misses you.
The orc hits you with a trident. The orc priest hits you with a dagger.
The orc hits you with a trident!
You closely miss the orc. The orc hits you with a flail!
* * * LOW HITPOINT WARNING * * *
The orc priest misses you. The giant cockroach misses you.
The orc hits you with a trident.
* * * LOW HITPOINT WARNING * * *
Unknown command.
It was a potion of degeneration.
There was something very wrong with that liquid.
You feel weakened.
You feel dopey.
You feel clumsy. The orc hits you with a flail.
You die...

#### #...##
.........# #..##
#..........##....
#..........o#....
##+##.........oo#....
#..............o#....
#.............. #..##
#....o....... ##..##
#...@s.#########...##
#...oo.............#
#......#########..##
#....#..# #.##
#....##.# #.# #....#
.# #+# #....# ..
#..... ..# .#.##. ...


You could see an orc priest, 2 orcs and a giant cockroach.

Vanquished Creatures
  4 adders
  An ooze (D:3)
  3 worms (D:2)
  2 dart slugs
  4 leopard geckos
  An orc (D:3)
  4 giant cockroaches
  3 hobgoblins (D:1)
  6 jackals (D:3)
  5 kobolds
  A quokka (D:3)
  A bat (D:3)
  4 frilled lizards
  4 goblins
  4 rats
47 creatures vanquished.

Notes
Turn   | Place    | Note
-------+----------+-------------------------------------------
     0 | D:1      | KristoblXynda the Naga Gladiator began the quest for the Orb.
     0 | D:1      | Reached XP level 1. HP: 19/19 MP: 1/1
   124 | D:1      | Reached XP level 2. HP: 26/26 MP: 2/2
   802 | D:2      | Reached XP level 3. HP: 24/32 MP: 3/3
  1688 | D:2      | Reached XP level 4. HP: 39/39 MP: 4/4
  2040 | D:3      | Reached skill level 4 in Long Blades
  2518 | D:4      | Slain by an orc

Vault maps used:
D:1:      dpeg_arrival_simpleton_a, columned_hall_lemuel
D:2:      corexii_hall_statues_l
D:3:      first_ration
D:4:      cheibrodos_pilgrimage, uniq_pikel

Skill      XL: |  1  2  3  4 |
---------------+-------------+-----
Throwing       | 2 |  2.4
Dodging        | 3 |  3.2
Long Blades    | 4 |  4.3
Fighting       | |  2.0

Action                   |  1- 3 |  4- 6 || total
-------------------------+-------+-------++-------
Melee: Long sword        |    74 |    66 ||   140
 Abil: Spit Poison       |    10 |     1 ||    11
  Use: Potion            |       |     1 ||     1
  Eat: Ration            |     1 |       ||     1
       Chunk             |       |     1 ||     1
Armor: Leather armour    |    19 |    24 ||    43
Dodge: Dodged            |    41 |    62 ||   103
       Rpst.: Long sword |    17 |    22 ||    39

Table legend:
 A = Spawn XP
 B = Non-spawn XP
 C = Spawn XP percentage of total XP
 D = Spawn monster count
 E = Non-spawn monster count
 F = Spawn count percentage of total count
 G = Total turns spent on level
                    A         B        C        D         E        F      G
               +---------+---------+-------+---------+---------+-------+---------
         Total |       0 |     149 |   0.0 |       0 |      47 |   0.0 |  2518
               +---------+---------+-------+---------+---------+-------+---------
           D:1 |       0 |      18 |   0.0 |       0 |      10 |   0.0 |   907
           D:2 |       0 |      70 |   0.0 |       0 |      16 |   0.0 |  1092
           D:3 |       0 |      61 |   0.0 |       0 |      21 |   0.0 |   491
               +---------+---------+-------+---------+---------+-------+---------
